 Dungeon Crawl Stone Soup version 0.22-a0-567-gff9aefc (webtiles) character file.

24697 opiumtea the Archer (level 12, 0/106 HPs)
             Began as a Centaur Hunter on June 29, 2018.
             Was the Champion of Okawaru.
             Succumbed to a black mamba's poison
             ... on level 3 of the Lair of Beasts.
             The game lasted 01:11:40 (18737 turns).

opiumtea the Archer (Centaur Hunter)               Turns: 18737, Time: 01:11:41

Health: 0/106      AC: 11    Str: 15    XL:     12   Next: 83%
Magic:  20/20      EV:  9    Int: 10    God:    Okawaru [******]
Gold:   1005       SH:  0    Dex: 18    Spells: 11/11 levels left

rFire    . . .     SeeInvis .   a - +1 shortbow "Embalmer" {speed, rPois rN+}
rCold    . . .     Gourm    +   (shield currently unavailable)
rNeg     + . .     Faith    .   V - +1 ring mail of Jyureogo {+Blink +Inv MR- Stlth+}
rPois    +         Spirit   .   x - +0 helmet
rElec    .         Reflect  .   k - +0 cloak
rCorr    .         Harm     .   w - +2 pair of gloves
MR       .....                  (no barding)
Stlth    +++.......             G - amulet of the gourmand
HPRegen  0.27/turn              r - ring of Jyadegh {Wiz +Blink rPois Stlth+}
MPRegen  0.17/turn              S - +3 ring of dexterity

@: lethally poisoned (0 -> -16), very quick
A: large, hooves 3, deformed body, speed 2, tough skin 3
a: Heroism, Finesse, Renounce Religion, Evoke Blink, Evoke Invisibility


You were on level 3 of the Lair of Beasts.
You worshipped Okawaru.
Okawaru was exalted by your worship.
You were very full.

You visited 3 branches of the dungeon, and saw 17 of its levels.

You collected 1005 gold pieces.

Inventory:

Hand Weapons
 a - the +1 shortbow "Embalmer" (weapon) {speed, rPois rN+}
   (Okawaru gifted it to you on level 2 of the Lair of Beasts)

   Attacks with this weapon are significantly faster.
   It protects you from poison.
   It protects you from negative energy.
 b - the +7 long sword of Dishonesty {drain, SInv}
   (Okawaru gifted it to you on level 11 of the Dungeon)

   A truly terrible weapon, it drains the life of those it strikes.
   It lets you see invisible.
 H - a +0 hand axe
 R - the +2 Maxwell's thermic engine {flame, freeze, rF- rC-}
   (You found it on level 8 of the Dungeon)

   It has been specially enchanted to burn those struck by it, causing extra
   injury to most foes and up to half again as much damage against particularly
   susceptible opponents.
   Big, fiery blades are also staple armaments of hydra-hunters.
   It makes you vulnerable to fire.
   It makes you vulnerable to cold.
Missiles
 d - 146 arrows (quivered)
Armour
 h - a +0 plate armour of poison resistance
 k - a +0 cloak (worn)
 l - a +1 leather armour of positive energy
 w - a +2 pair of gloves (worn)
 x - a +0 helmet (worn)
 A - the +2 chain mail of Supple Strength {rPois MR- Regen+ Int+3}
   (You found it on level 7 of the Dungeon)

   It affects your intelligence (+3).
   It protects you from poison.
   It affects your resistance to hostile enchantments.
   It increases your rate of regeneration.
 T - the +0 robe "Uppuadum" {Str+3}
   (You found it on level 2 of the Lair of Beasts)

   It affects your strength (+3).
 V - the +1 ring mail of Jyureogo (worn) {+Blink +Inv MR- Stlth+}
   (Okawaru gifted it to you on level 4 of the Lair of Beasts)

   It affects your resistance to hostile enchantments.
   It lets you turn invisible.
   It lets you blink.
   It makes you more stealthy.
Jewellery
 r - the ring of Jyadegh (left hand) {Wiz +Blink rPois Stlth+}
   (You found it on level 5 of the Dungeon)

   [ring of wizardry]

   It improves your spell success rate.
   It protects you from poison.
   It lets you blink.
   It makes you more stealthy.
 C - an uncursed ring of stealth
 G - an amulet of the gourmand (around neck)
 I - an uncursed ring of see invisible
 J - an uncursed ring of positive energy
 O - an uncursed ring of protection from magic
 Q - a +5 ring of dexterity
 S - a +3 ring of dexterity (right hand)
Wands
 c - a wand of polymorph (16)
 j - a wand of iceblast (17)
 t - a wand of random effects (18)
 y - a wand of paralysis (50)
 B - a wand of clouds (4)
 L - a wand of digging (25)
 M - a wand of disintegration (9)
Scrolls
 p - 5 scrolls of magic mapping
 q - 8 scrolls of teleportation
 u - a scroll of fog
 z - 9 scrolls of remove curse
 W - 3 scrolls of summoning {unknown}
Potions
 e - a potion of might
 g - a potion of berserk rage {unknown}
 i - 3 potions of agility
 m - 3 potions of heal wounds
 n - a potion of lignification
 o - 3 potions of brilliance
 s - 2 potions of magic {unknown}
 v - a potion of resistance {unknown}
 D - 2 potions of haste {unknown}
 E - a potion of degeneration {unknown}
 F - 2 potions of curing {unknown}
 K - a potion of ambrosia {unknown}
 N - a potion of mutation {unknown}
 P - 4 potions of flight {unknown}
Miscellaneous
 U - a box of beasts
Comestibles
 f - 27 rations


   Skills:
 - Level 9.9 Fighting
 - Level 12.1 Long Blades
 + Level 12.9 Bows
 - Level 1.3 Dodging
 - Level 0.4 Stealth
 - Level 11.4 Invocations
 - Level 2.5 Evocations


You had 11 spell levels left.
You didn't know any spells.
Your spell library contained the following spells:

 Spells                   Type           Power        Failure   Level  Hunger
 Fireball                 Conj/Fire      #.........   100%        5    ######.
 Apportation              Tloc           #.....       28%         1    ##.....
 Conjure Flame            Conj/Fire      #.......     63%         3    ####...
 Invisibility             Hex            #.......     100%        6    #######
 Throw Flame              Conj/Fire      #.....       41%         2    ###....
 Summon Small Mammal      Summ           #...         28%         1    ##.....
 Sticky Flame             Conj/Fire      #.......     95%         4    #####..
 Summon Ice Beast         Ice/Summ       #.......     95%         4    #####..
 Call Imp                 Summ           #.......     41%         2    ###....
 Tukima's Dance           Hex            #.......     63%         3    ####...
 Flame Tongue             Conj/Fire      #....        28%         1    ##.....
 Call Canine Familiar     Summ           #.......     63%         3    ####...
 Summon Butterflies       Summ           #.......     28%         1    ##.....
 Alistair's Intoxication  Tmut/Pois      #.......     100%        5    ######.
 Summon Hydra             Summ           #.........   100%        7    #######
 Inner Flame              Hex/Fire       #.......     63%         3    ####...
 Summon Lightning Spire   Summ/Air       #.......     95%         4    #####..
 Summon Guardian Golem    Hex/Summ       #.......     63%         3    ####...
 Summon Mana Viper        Hex/Summ       #.......     100%        5    ######.
 Lesser Beckoning         Tloc           #.........   63%         3    ####...


Dungeon Overview and Level Annotations

Branches:
Dungeon (12/15)            Temple (1/1) D:5            Lair (4/6) D:9
 Spider (0/4) Lair:3          Orc (0/2) D:10
  Swamp: Lair:2-4    Shoals: Lair:2-4

Altars:
Ashenzari
Cheibriados
Dithmenos
Elyvilon
Fedhas
Gozag
Kikubaaqudgha
Nemelex Xobeh
Okawaru
Qazlal
Ru
Sif Muna
Trog
Uskayaw
Vehumet
Wu Jian
Xom
Yredelemnul
Zin
The Shining One

Shops:
D:4 [   D:6 !   D:7 (   D:9 :   D:11 (

Annotations:
D:3 Grinder
D:7 3 runed doors, kae's ghost, novice DrTm
Lair:1 exclusion: oklob plant


Innate Abilities, Weirdness & Mutations

You have hooves in place of feet.
Armour fits poorly on your strangely shaped body.
You cover ground very quickly.
You have extremely tough skin. (AC +3)


Message History

The yak gores the bush but does no damage.
Something hits the bush!
The crocodile bites you.
The blink frog blinks!
The black mamba misses you.
The blink frog blinks!
Found a scroll of identify.
The wolf bites you.
The blink frog hits you but does no damage.
The blink frog blinks!
There is an escape hatch in the ceiling here.
The wolf bites you! The blink frog hits you!
* * * LOW HITPOINT WARNING * * *
The blink frog blinks!
The black mamba bites you.
* * * LOW HITPOINT WARNING * * *
You are poisoned.
The black mamba poisons you! The blink frog hits you!
* * * LOW HITPOINT WARNING * * *
A mysterious force pulls you upwards. The hatch slams shut behind you.
The blink frog is caught in a web!
The sentinel's mark upon you fades away.
You die...

............#..##.....#.≈P..###.#
<#..........#####..........## ###
..#.......### #......##.P..#
..###....## #......P######
...###..## #######...###
...#########...#.##..## ....##
#.'^>.'.##...# #P...#
#.≈...≈.F##..###
#...######.≈≈≈≈≈@##....P#
###.....##..≈.#≈.^###...#
#....###....#.^#.^....##
##.....#..#....#.......#
####.....#.#.#...#...#...####
#.###..#....^.^.^.........#P#####
............^#.#..##........##.#P
.......###..^#..^#.##.####....#..
..).....############### ###..).P


You could see a blink frog (webbed).

Vanquished Creatures
  2 hydras
  6 death yaks
  3 two-headed ogres
  An orb spider (Lair:3)
  A manticore (D:12)
  A cyclops (D:11)
  A black mamba (Lair:2)
  3 spiny frogs (Lair:3)
  2 komodo dragons
  4 trolls
  2 polar bears
  A meliai zombie (D:10)
  5 hippogriffs
  6 dream sheep (Lair:3)
  21 yaks
  A wyvern (D:9)
  A hungry ghost (D:10)
  A steam dragon (D:8)
  A basilisk (Lair:3)
  7 porcupines
  14 water moccasins
  2 black bears
  6 orc warriors
  A sky beast (D:9)
  2 phantoms
  7 ogres
  2 eyes of draining (D:11)
  5 wolves (Lair:3)
  7 centaurs
  3 crocodiles
  10 bullfrogs
  A gnoll sergeant (D:7)
  3 scorpions
  3 killer bees (D:7)
  2 crimson imps (D:5)
  A bullfrog zombie (D:7)
  2 hounds (D:7)
  3 centaur skeletons
  6 orc priests
  12 orc wizards
  5 bullfrog skeletons
  3 iguanas
  Crazy Yiuf (D:7)
  10 worker ants
  A hound skeleton (D:5)
  2 worker ant zombies
  Robin (D:2)
  19 adders
  11 gnolls
  2 shadow imps
  An ooze (D:2)
  2 adder skeletons (D:5)
  3 worms
  A dart slug (D:2)
  4 leopard geckos
  43 orcs
  A ball python (D:2)
  3 giant cockroaches
  15 goblins
  11 hobgoblins
  19 jackals
  6 quokkas
  A ball python skeleton (D:4)
  5 bats
  4 frilled lizards
  6 kobolds
  A leopard gecko zombie (D:8)
  2 quokka skeletons
  A quokka zombie (D:9)
  2 rats
348 creatures vanquished.

Vanquished Creatures (others)
  A jackal (D:5)
  A quokka (D:5)
  3 fungi (D:9)
  A plant (Lair:3)
6 creatures vanquished.

Grand Total: 354 creatures vanquished

Notes
Turn   | Place    | Note
-------+----------+-------------------------------------------
     0 | D:1      | opiumtea the Centaur Hunter began the quest for the Orb.
     0 | D:1      | Reached XP level 1. HP: 17/17 MP: 1/1
   406 | D:1      | Reached XP level 2. HP: 24/24 MP: 2/2
   951 | D:2      | Noticed Robin
  1277 | D:2      | Reached XP level 3. HP: 29/29 MP: 3/3
  1688 | D:2      | Found a shadowy altar of Dithmenos.
  1712 | D:2      | Killed Robin
  1719 | D:2      | Reached XP level 4. HP: 29/36 MP: 4/4
  2232 | D:3      | Found a white marble altar of Elyvilon.
  2631 | D:3      | Reached XP level 5. HP: 45/45 MP: 5/5
  2765 | D:3      | Noticed Grinder
  2784 | D:3      | Paralysed by Grinder for 4 turns
  3291 | D:4      | Found Umaeng's Armour Shop.
  3599 | D:4      | Reached XP level 6. HP: 42/51 MP: 6/6
  3989 | D:4      | Found a shadowy altar of Dithmenos.
  3989 | D:4      | Found a faded altar of an unknown god.
  3994 | D:4      | Found a basalt altar of Yredelemnul.
  3996 | D:4      | Found a faded altar of an unknown god.
  4004 | D:4      | Found a deep blue altar of Sif Muna.
  4127 | D:5      | Entered Level 5 of the Dungeon
  4161 | D:5      | Found a staircase to the Ecumenical Temple.
  4163 | D:5      | Noticed a wyvern
  4295 | Temple   | Entered the Ecumenical Temple
  4348 | Temple   | Became a worshipper of Warmaster Okawaru
  4481 | D:5      | Reached skill level 10 in Bows
  4549 | D:5      | Got a warped brass ring
  4608 | D:5      | Reached XP level 7. HP: 18/57 MP: 7/7
  4764 | D:5      | Reached * piety under Okawaru
  5072 | D:5      | Reached skill level 1 in Invocations
  5362 | D:6      | Reached XP level 8. HP: 59/63 MP: 8/10
  5643 | D:6      | Reached ** piety under Okawaru
  5724 | D:6      | Reached skill level 5 in Invocations
  5909 | D:6      | Got a pair of distressingly furry boots
  6313 | D:6      | Found Iggije's Distillery.
  6436 | D:7      | Found a runed gate.
  6439 | D:7      | Found a runed gate.
  6439 | D:7      | Found a runed gate.
  6448 | D:7      | Found Zymuc's Antique Weapon Shop.
  6489 | D:7      | HP: 3/63 [orc warrior/glaive of chopping (5)]
  6925 | D:7      | Noticed kae's ghost (novice DrTm)
  7043 | D:7      | Found a runed door.
  7047 | D:7      | Noticed Crazy Yiuf
  7058 | D:7      | Killed Crazy Yiuf
  7137 | D:7      | Got a jewelled chain mail
  7643 | D:7      | Reached XP level 9. HP: 57/69 MP: 15/15
  8146 | D:7      | Found a white marble altar of Elyvilon.
  8147 | D:7      | Found a glowing golden altar of the Shining One.
  8148 | D:7      | Found a glowing silver altar of Zin.
  8694 | D:7      | Reached *** piety under Okawaru
  8694 | D:7      | Reached skill level 10 in Invocations
  9167 | D:8      | Noticed a two-headed ogre
  9202 | D:8      | Killed a two-headed ogre
  9257 | D:8      | Reached skill level 1 in Evocations
  9299 | D:8      | Found a deep blue altar of Sif Muna.
  9312 | D:8      | Reached **** piety under Okawaru
  9710 | D:8      | Reached XP level 10. HP: 77/77 MP: 18/18
 10268 | D:8      | Found the +2 Maxwell's thermic engine {flame, freeze, rF- rC-}
 10354 | D:8      | Identified the +2 chain mail of Supple Strength {rPois MR- Regen+ Int+3} (You found it on level 7 of the Dungeon)
 10679 | D:9      | Reached skill level 5 in Fighting
 10748 | D:9      | Found Hauloeji's Book Boutique.
 10771 | D:9      | Identified the ring of Jyadegh {Wiz +Blink rPois Stlth+} (You found it on level 5 of the Dungeon)
 11066 | D:9      | Received a gift from Okawaru
 11679 | D:9      | Found a staircase to the Lair.
 11710 | D:10     | Entered Level 10 of the Dungeon
 11922 | D:10     | Reached ***** piety under Okawaru
 12326 | D:10     | Found a staircase to the Orcish Mines.
 12419 | D:10     | Noticed a two-headed ogre
 12442 | D:10     | Killed a two-headed ogre
 12636 | D:10     | Reached XP level 11. HP: 93/99 MP: 19/19
 12774 | D:10     | Received a gift from Okawaru
 12774 | D:10     | Reached skill level 1 in Long Blades
 13139 | D:11     | Found Sarphe's Antique Weapon Shoppe.
 13263 | D:11     | Received a gift from Okawaru
 13707 | D:11     | Noticed a two-headed ogre
 13728 | D:11     | Killed a two-headed ogre
 13728 | D:11     | Received a gift from Okawaru
 13728 | D:11     | Reached skill level 5 in Long Blades
 13936 | D:11     | Got a polished long sword {god gift}
 13937 | D:11     | Identified the +7 long sword of Dishonesty {drain, SInv} (Okawaru gifted it to you on level 11 of the Dungeon)
 14405 | D:12     | Noticed a red ugly thing
 14469 | Lair:1   | Entered Level 1 of the Lair of Beasts
 14688 | Lair:1   | Noticed an oklob plant
 15072 | Lair:2   | Noticed a six-headed hydra
 15109 | Lair:1   | Killed a five-headed hydra
 15729 | Lair:2   | Received a gift from Okawaru
 15756 | Lair:2   | Received a gift from Okawaru
 15761 | Lair:2   | Reached XP level 12. HP: 60/106 MP: 20/20
 15765 | Lair:2   | Got a crude shortbow {god gift}
 15766 | Lair:2   | Identified the +1 shortbow "Embalmer" {speed, rPois rN+} (Okawaru gifted it to you on level 2 of the Lair of Beasts)
 15855 | Lair:2   | Got a brightly glowing robe
 16683 | Lair:3   | Reached skill level 10 in Long Blades
 16933 | Lair:3   | Noticed a death yak
 16956 | Lair:3   | Noticed a death yak
 16960 | Lair:3   | Noticed a death yak
 16961 | Lair:3   | Noticed a death yak
 16962 | Lair:3   | Noticed a death yak
 16965 | Lair:3   | Noticed a death yak
 16969 | Lair:3   | Killed a death yak
 17054 | Lair:3   | Received a gift from Okawaru
 17116 | Lair:3   | Killed a death yak
 17132 | Lair:3   | Killed a death yak
 17175 | Lair:2   | Killed a death yak
 17357 | Lair:2   | Killed a death yak
 17357 | Lair:2   | Reached ****** piety under Okawaru
 17559 | Lair:3   | Received a gift from Okawaru
 17841 | Lair:3   | Killed a death yak
 17906 | Lair:3   | Found a hole to the Spider Nest.
 18521 | Lair:4   | Received a gift from Okawaru
 18530 | Lair:4   | Noticed an eight-headed hydra
 18563 | Lair:4   | Killed a six-headed hydra
 18588 | Lair:4   | Got a jewelled ring mail {god gift}
 18599 | Lair:4   | Identified the +1 ring mail of Jyureogo {+Blink +Inv MR- Stlth+} (Okawaru gifted it to you on level 4 of the Lair of Beasts)
 18626 | Lair:4   | Identified the +0 robe "Uppuadum" {Str+3} (You found it on level 2 of the Lair of Beasts)
 18736 | Lair:4   | HP: 3/106 [blink frog (16)]
 18737 | Lair:3   | Succumbed to a black mamba's poison

Vault maps used:
D:1:      dpeg_arrival_boxes_within_box
D:2:      kennysheep_crisscross, nicolae_dithmenos_shadow_blocks, uniq_robin
D:3:      first_ration, elyvilon_altar_4, uniq_grinder
D:4:      chequers_temple_overflow_minitemple, minmay_shop_grid_forest
D:5:      minmay_temple_entry_junction
D:6:      serial_shops, shop
D:7:      good_gods_temple_1, gammafunk_ghost_necromancy, serial_shops,
          kennysheep_mini, grunt_ogre_cave, uniq_crazy_yiuf_cottage
D:8:      led_sif_book
D:9:      grunt_lair_entry_orc_guard_hut, serial_shops, shop
D:10:     orc_0_dummy
D:11:     serial_shops, nicolae_shop_statue_plus
D:12:     evilmike_library_of_no_secrets, serial_glass, glass_columns_c,
          glass_columns_c, glass_columns_c, glass_columns_a, special_room,
          evilmike_ruin_ashenzari
Temple:   nicolae_temple_elliptical
Lair:1:   minmay_lair_oklob_chamber, infiniplex_staircase_pool_2,
          lemuel_fruit_tree
Lair:3:   nicolae_spider_entry_orb_guardian, lemuel_old_faithful,
          lemuel_fruit_fields
Lair:4:   elwin_shoals_entry_rocks, grunt_megastairs_2

Skill      XL: |  1  2  3  4  5  6  7  8  9 10 11 12 |
---------------+-------------------------------------+-----
Bows           | 6 7 9 10 12 | 12.9
Fighting       | 3 9 |  9.9
Invocations    | 3 8 11 | 11.4
Evocations     | 2 |  2.5
Long Blades    | 9 12 | 12.1
Dodging        | |  1.3
Stealth        | |  0.4

Action                   |  1- 3 |  4- 6 |  7- 9 | 10-12 || total
-------------------------+-------+-------+-------+-------++-------
Melee: Hand axe          |     4 |    10 |       |       ||    14
       Kick              |     1 |     2 |     1 |    43 ||    47
       Shortbow          |       |     1 |     1 |       ||     2
       Long sword        |       |       |       |   108 ||   108
       Double sword      |       |       |       |    16 ||    16
 Fire: Shortbow          |   105 |   236 |   494 |  1069 ||  1904
Invok: Heroism           |       |       |     5 |     3 ||     8
 Abil: Evoke Blink       |       |       |       |     2 ||     2
Evoke: Wand              |       |     3 |       |       ||     3
  Use: Scroll            |     6 |     6 |     2 |     3 ||    17
       Potion            |     1 |       |       |       ||     1
  Eat: Chunk             |     1 |     8 |     9 |    38 ||    56
       Ration            |       |       |     1 |       ||     1
Armor: Leather armour    |    19 |    38 |    74 |    17 ||   148
       Skin              |    16 |       |       |       ||    16
       Chain mail        |       |       |       |   238 ||   238
       Ring mail         |       |       |       |     7 ||     7
Dodge: Dodged            |    28 |    36 |    82 |   105 ||   251
       Rpst.: Double sword |       |       |       |     1 ||     1
       Long sword        |       |       |       |     3 ||     3

Table legend:
 A = Spawn XP
 B = Non-spawn XP
 C = Spawn XP percentage of total XP
 D = Spawn monster count
 E = Non-spawn monster count
 F = Spawn count percentage of total count
 G = Total turns spent on level
                    A         B        C        D         E        F      G
               +---------+---------+-------+---------+---------+-------+---------
         Total |       0 |   35282 |   0.0 |       0 |     348 |   0.0 | 18737
               +---------+---------+-------+---------+---------+-------+---------
           D:1 |       0 |      39 |   0.0 |       0 |      16 |   0.0 |  1329
           D:2 |       0 |     115 |   0.0 |       0 |      36 |   0.0 |  1131
           D:3 |       0 |     116 |   0.0 |       0 |      18 |   0.0 |   935
           D:4 |       0 |     242 |   0.0 |       0 |      13 |   0.0 |   743
           D:5 |       0 |     905 |   0.0 |       0 |      21 |   0.0 |  1108
           D:6 |       0 |     570 |   0.0 |       0 |      14 |   0.0 |  1618
           D:7 |       0 |    1985 |   0.0 |       0 |      49 |   0.0 |  2119
           D:8 |       0 |    2228 |   0.0 |       0 |      29 |   0.0 |  1667
           D:9 |       0 |    2147 |   0.0 |       0 |      34 |   0.0 |  1169
          D:10 |       0 |    2980 |   0.0 |       0 |      22 |   0.0 |   933
          D:11 |       0 |    4097 |   0.0 |       0 |      24 |   0.0 |  1233
          D:12 |       0 |    1138 |   0.0 |       0 |       8 |   0.0 |   405
        Lair:1 |       0 |    1912 |   0.0 |       0 |       8 |   0.0 |   712
        Lair:2 |       0 |    5798 |   0.0 |       0 |      22 |   0.0 |  1629
        Lair:3 |       0 |    9351 |   0.0 |       0 |      29 |   0.0 |  1673
        Lair:4 |       0 |    1659 |   0.0 |       0 |       5 |   0.0 |   254
               +---------+---------+-------+---------+---------+-------+---------
